 Dungeon Crawl Stone Soup version 0.22.0-13-g43fe8f24b8 (webtiles) character file.

56 Faustar the Sneak (level 3, 0/16 HPs)
             Began as a Felid Wanderer on Aug 17, 2018.
             Slain by an orc
             ... wielding a +0 trident
              (10 damage)
             ... on level 2 of the Dungeon.
             The game lasted 00:06:47 (2727 turns).

Faustar the Sneak (Felid Wanderer)                  Turns: 2727, Time: 00:06:48

Health: 0/16       AC:  1    Str:  8    XL:     3   Next: 71%
Magic:  5/5        EV: 16    Int: 14    God:
Gold:   97         SH:  0    Dex: 15    Spells: 1/4 levels left
                                        Lives:  0   Deaths: 0

rFire    . . .     SeeInvis +     - Unarmed
rCold    . . .     Gourm    .   (shield unavailable)
rNeg     . . .     Faith    .   (armour unavailable)
rPois    .         Spirit   .   (helmet unavailable)
rElec    .         Reflect  .   (cloak unavailable)
rCorr    .         Harm     .   (gloves unavailable)
MR       .....                  (boots unavailable)
Stlth    +++.......             (no amulet)
HPRegen  0.05/turn              (no ring)
MPRegen  0.09/turn              (no ring)

@: quick
A: very small, no armour, no weapons or thrown items, stealth, claws 1, fangs 3,
see invisible, carnivore, speed 1, shaggy fur 1, slow metabolism 1, sharp paws
a: no special abilities


You were on level 2 of the Dungeon.
You were completely stuffed.

You visited 1 branch of the dungeon, and saw 2 of its levels.

You collected 97 gold pieces.

Inventory:

Scrolls
 a - a scroll of blinking
 b - a scroll of identify {unknown}
 e - a scroll of teleportation {unknown}
 h - a scroll of enchant weapon {unknown}
 k - a scroll of magic mapping {unknown}
Potions
 f - a potion of flight {unknown}
 g - a potion of mutation {unknown}
 i - a potion of brilliance {unknown}
 j - a potion of heal wounds {unknown}
Comestibles
 c - 6 chunks of flesh
 d - 3 rations


   Skills:
 - Level 1.7 Fighting
 - Level 1.3 Dodging
 - Level 5.0 Stealth
 - Level 2.1 Unarmed Combat
 - Level 1.0 Spellcasting
   Level 2.4 Charms
 + Level 2.6 Translocations
   Level 1.1 Evocations


You had one spell level left.
You knew the following spells:

 Your Spells              Type           Power        Failure   Level  Hunger
a - Teleport Other        Tloc           #.......     26%         3    ####...

Your spell library contained the following spells:

 Spells                   Type           Power        Failure   Level  Hunger
 Apportation              Tloc           #.....       9%          1    ##.....


Dungeon Overview and Level Annotations

Branches:
Dungeon (2/15)

Altars:
Zin


Innate Abilities, Weirdness & Mutations

You cannot wear armour.
You are incapable of wielding weapons or throwing items.
Your paws allow you to move quietly. (Stealth)
You have sharp claws.
You have razor-sharp teeth.
You have supernaturally acute eyesight. (SInv)
You are carnivorous and can eat meat at any time.
You cover ground quickly.
You are covered in fur. (AC +1)
You have a slow metabolism.
Your sharp claws are effective at attacking unaware monsters.


Message History

You closely miss the orc. The orc misses you.
You scratch the orc.
The orc is lightly wounded.
The orc hits you with a trident!
Ouch! That really hurt!
The orc barely misses you.
You start resting.
The orc is too close now for your liking.
You start resting.
The orc is too close now for your liking.
The orc shouts!
You scratch the orc. Your bite misses the orc.
The orc is moderately wounded.
The orc barely misses you.
Some of the chunks of flesh in your inventory have rotted away.
You scratch the orc.
The orc is almost dead.
The orc hits you with a trident!
Ouch! That really hurt!
You die...

.. .#........#.#
#.# #. #
###.....##.###.#
##...........#
#).####.###.#
#.. #.# #.# #..
#.# #.# ... ##.#
#.#
###.###..###.#
#.#..@.....#
#.#.#o######
#...#.# ###.#.#
#.#.# #.#.#
###.#.# #...#.#
#.#.#.###


You could see an orc.

Vanquished Creatures
  3 adders
  3 leopard geckos
  2 ball pythons (D:1)
  3 giant cockroaches
  3 goblins (D:1)
  2 hobgoblins
  2 bats (D:1)
  2 frilled lizards
  4 kobolds (D:1)
  2 rats (D:2)
26 creatures vanquished.

Notes
Turn   | Place    | Note
-------+----------+-------------------------------------------
     0 | D:1      | Faustar the Felid Wanderer began the quest for the Orb.
     0 | D:1      | Faustar set off with: a scroll of blinking, a potion of curing, a ration
     0 | D:1      | Reached XP level 1. HP: 7/7 MP: 3/3
   263 | D:1      | Reached XP level 2. HP: 10/12 MP: 4/4
   333 | D:1      | Reached skill level 1 in Fighting
  2392 | D:1      | Reached skill level 5 in Stealth
  2392 | D:1      | Reached XP level 3. HP: 16/16 MP: 5/5
  2401 | D:1      | Learned a level 3 spell: Teleport Other
  2418 | D:2      | Found a glowing silver altar of Zin.
  2418 | D:2      | Noticed an angel
  2442 | D:2      | Reached skill level 1 in Translocations
  2727 | D:2      | Slain by an orc

Skill      XL: |  1  2  3 |
---------------+----------+-----
Fighting       | 1 |  1.7
Stealth        | 5 |  5.0
Translocations | 2 |  2.6
Dodging        | |  1.3
Unarmed Combat | |  2.1
Spellcasting   | |  1.0
Charms         | |  2.4
Evocations     | |  1.1

Action                   || total
-------------------------++-------
Melee: Unarmed           ||    90
       Bite              ||     6
       Punch             ||     2
 Cast: Teleport Other    ||     1
  Use: Potion            ||     1
 Stab: Sleeping          ||    11
  Eat: Chunk             ||    11
Armor: Skin              ||     2
Dodge: Dodged            ||    58
